 Dungeon Crawl Stone Soup version 0.25.0-9-g26727b657a (webtiles) character file.

Game seed: 9757972712877677584

89 shadizar the Insei (level 4, 0/30 HPs)
             Began as an Octopode Transmuter on June 21, 2020.
             Slain by a leopard gecko (4 damage)
             ... on level 2 of the Dungeon.
             The game lasted 00:02:06 (1965 turns).

shadizar the Insei (Octopode Transmuter)            Turns: 1965, Time: 00:02:07

Health: 0/30       AC:  1    Str: 10    XL:     4   Next: 55%
Magic:  7/7        EV: 14    Int: 15    God:
Gold:   113        SH:  0    Dex: 12    Spells: 6/7 levels left

rFire    . . .     SeeInvis .     - Unarmed
rCold    . . .     Gourm    .   (no shield)
rNeg     . . .     Faith    .   (helmet restricted)
rPois    .         Spirit   .   (no amulet)
rElec    .         Reflect  .   (no ring)
rCorr    .         Harm     .   (no ring)
MR       .....                  (no ring)
Stlth    +++.......             (no ring)
HPRegen  0.10/turn              (no ring)
MPRegen  0.10/turn              (no ring)
                                (no ring)
                                (no ring)

@: lethally poisoned (0 -> -4), stab, flying
A: almost no armour, stealthy swim, amphibious, 8 rings, constrict 8, camouflage
1, gelatinous body 1
a: no special abilities


You were on level 2 of the Dungeon.
You were not hungry.

You visited 1 branch of the dungeon, and saw 2 of its levels.

You collected 113 gold pieces.

Inventory:

Missiles
 a - 66 arrows
Jewellery
 i - a +6 ring of intelligence {unknown}
Scrolls
 b - a scroll of magic mapping {unknown}
 g - 3 scrolls of identify {unknown}
 h - a scroll of immolation {unknown}
 j - a scroll of amnesia {unknown}
Potions
 d - a potion of heal wounds {unknown}
 e - a potion of might {unknown}
 f - a potion of flight
 m - a potion of haste {unknown}
 n - a potion of brilliance {unknown}
Comestibles
 c - 4 rations
 k - a chunk of flesh


   Skills:
 * Level 2.7 Fighting
 + Level 2.7 Dodging
 + Level 2.3 Stealth
 + Level 3.5 Unarmed Combat
 - Level 2.0 Spellcasting
 - Level 2.0 Transmutations


You had 6 spell levels left.
You knew the following spells:

 Your Spells              Type           Power        Failure   Level  Hunger
a - Beastly Appendage     Tmut           #.....       10%         1    #......

Your spell library contained the following spells:

 Spells                   Type           Power        Failure   Level  Hunger
 Sticks to Snakes         Tmut           #.......     14%         2    ###....
 Spider Form              Tmut/Pois      #.........   41%         3    ###....
 Ice Form                 Ice/Tmut       #.......     82%         4    #####..
 Blade Hands              Tmut           #.........   95%         5    ######.


Dungeon Overview and Level Annotations

Branches:
Dungeon (2/15)

Altars:
Kikubaaqudgha
Ru


Innate Abilities, Weirdness & Mutations

You cannot wear most types of armour.
You are very stealthy in the water. (Stealth+)
You are amphibious.
You can wear up to eight rings at the same time.
You can use your tentacles to constrict eight enemies at once.
Your skin changes colour to match your surroundings (Stealth+).
Your rubbery body absorbs attacks. (AC +1, EV +1)


Message History

The adder poisons you!
You release your grip on the adder.
You feel sick.
You feel sick. The adder misses you.
You are too injured to fight recklessly!
You are too injured to fight recklessly!
You miss the adder. You grab the adder. You tentacle-slap the adder.
You kill the adder!
You feel sick. The leopard gecko bites you.
* * * LOW HITPOINT WARNING * * *
You feel sick.
It was a potion of flight.
You feel very buoyant.
You fly up into the air.
The leopard gecko bites you.
* * * LOW HITPOINT WARNING * * *
It was a potion of stabbing.
You feel ready to backstab. The leopard gecko bites you.
* * * LOW HITPOINT WARNING * * *
The leopard gecko bites you.
You die...

##...#### #....#..≈≈≈≈≈≈.#
''...'..# #....##..≈≈≈≈≈.#
##...##.###....##.≈≈≈≈≈≈.######
##...##.#......#...≈≈≈.........
#######.#......#...≈...........
#######.#......#._≈....⌠.......
........#......#....##.).......
........#......########..#
...)....#...#...@l.......#
#######.#...#######...?..#
........##### #####..#
.######## #..# .# ##.# .# .# .#
># ## ##


You could see a leopard gecko.

Vanquished Creatures
  Terence (D:2)
  2 adders (D:2)
  2 leopard geckos (D:2)
  2 bats
  4 giant cockroaches
  5 goblins
  7 hobgoblins
  6 kobolds
  A ball python (D:1)
  2 frilled lizards (D:2)
  7 rats
39 creatures vanquished.

Notes
Turn   | Place    | Note
-------+----------+-------------------------------------------
     0 | D:1      | shadizar the Octopode Transmuter began the quest for the
                  | Orb.
     0 | D:1      | Reached XP level 1. HP: 13/13 MP: 3/3
   237 | D:1      | Reached XP level 2. HP: 7/18 MP: 5/5
   460 | D:1      | Reached skill level 1 in Stealth
   835 | D:1      | Reached XP level 3. HP: 16/24 MP: 6/6
  1474 | D:2      | Found a sacrificial altar of Ru.
  1672 | D:2      | Found an ancient bone altar of Kikubaaqudgha.
  1672 | D:2      | Noticed Terence
  1693 | D:2      | Killed Terence
  1693 | D:2      | Reached XP level 4. HP: 15/30 MP: 5/7
  1965 | D:2      | Slain by a leopard gecko

Illustrated notes

Levels and vault maps discovered:
D:1:      dpeg_arrival_three_bigger_balls, layout_basic, minmay_cupped
D:2:      layout_basic, kiku_gazebo_pond_becter, old_standard_altar,
          first_ration, makhleb_altar_promises_db, uniq_sigmund, uniq_terence

Skill      XL: |  1  2  3 |
---------------+----------+-----
Stealth        | 1 2 |  2.3
Fighting       | 2 |  2.7
Dodging        | |  2.7
Unarmed Combat | |  3.5
Spellcasting   | |  2.0
Transmutations | |  2.0

Action                   |  1- 3 |  4- 6 || total
-------------------------+-------+-------++-------
Melee: Unarmed           |    83 |    16 ||    99
       Constrict         |    20 |     4 ||    24
       Tentacles         |    17 |       ||    17
       Punch             |     3 |     1 ||     4
       Kick              |     5 |       ||     5
 Cast: Beastly Appendage |     1 |       ||     1
  Use: Potion            |       |     2 ||     2
 Stab: Sleeping          |    11 |       ||    11
  Eat: Chunk             |     2 |     1 ||     3
Armor: Skin              |     3 |     2 ||     5
Dodge: Dodged            |    47 |     7 ||    54
